 Dungeon Crawl Stone Soup version 0.23.0-3-gf3c87f2 (webtiles) character file.

Game seed: 15146173157712153904

107 Scud the Sneak (level 4, -2/23 HPs)
             Began as a Spriggan Assassin on Feb 23, 2019.
             Slain by Grinder (3 damage)
             ... while paralysed by Grinder
             ... on level 3 of the Dungeon.
             The game lasted 00:08:25 (3072 turns).

Scud the Sneak (Spriggan Assassin)                  Turns: 3072, Time: 00:08:25

Health: -2/23      AC:  3    Str:  7    XL:     4   Next: 56%
Magic:  5/5        EV:  4    Int: 12    God:
Gold:   156        SH:  0    Dex: 18    Spells: 3/3 levels left

rFire    + . .     SeeInvis +   a - +2 dagger
rCold    . . .     Gourm    .   (shield restricted)
rNeg     . . .     Faith    .   c - +0 robe
rPois    .         Spirit   .   (helmet restricted)
rElec    .         Reflect  .   d - +0 cloak
rCorr    .         Harm     .   (gloves unavailable)
MR       .....                  (boots unavailable)
Stlth    +++.......             (no amulet)
HPRegen  0.07/turn              o - ring of protection from fire
MPRegen  0.09/turn              (no ring)

@: paralysed, very quick
A: very small, unfitting armour, see invisible, herbivore, speed 3, slow
metabolism 2
a: no special abilities


You were on level 3 of the Dungeon.
You were not hungry.

You visited 1 branch of the dungeon, and saw 3 of its levels.

You collected 156 gold pieces.

Inventory:

Hand Weapons
 a - a +2 dagger (weapon)
 b - a +0 blowgun
Missiles
 e - 8 poisoned needles
 f - 2 curare-tipped needles
Armour
 c - a +0 robe (worn)
 d - a +0 cloak (worn)
Jewellery
 o - a ring of protection from fire (left hand)
Scrolls
 h - 2 scrolls of identify {unknown}
 i - a scroll of immolation {unknown}
 j - a scroll of enchant weapon {unknown}
 k - 2 scrolls of amnesia {unknown}
 l - 2 scrolls of teleportation {unknown}
 m - a scroll of magic mapping {unknown}
 n - a scroll of remove curse {unknown}
Potions
 p - a potion of might {unknown}
 q - a potion of lignification {unknown}
Comestibles
 g - 7 rations


   Skills:
 + Level 2.3 Fighting
 + Level 4.0 Short Blades
 - Level 2.0 Throwing
 + Level 3.2 Dodging
 - Level 6.1 Stealth


You had 3 spell levels left.
You didn't know any spells.
Your spell library was empty.

Dungeon Overview and Level Annotations

Branches:
Dungeon (3/15)

Altars:
Nemelex Xobeh
Uskayaw

Annotations:
D:3 Grinder


Innate Abilities, Weirdness & Mutations

You are very small and have problems with some larger weapons.
You are too small for most types of armour.
You have supernaturally acute eyesight. (SInv)
You are a herbivore.
You cover ground extremely quickly.
You need to consume almost no food.


Message History

You hit Grinder.
Grinder is moderately wounded.
Grinder hits you.
You writhe in agony.
You hit Grinder.
Grinder is heavily wounded.
You barely miss Grinder.
Grinder is heavily wounded.
Grinder misses you.
You hit Grinder.
Grinder is heavily wounded.
Grinder gestures at you.
You struggle to resist.
You hit Grinder.
Grinder is heavily wounded.
Grinder gestures at you.
You suddenly lose the ability to move!
Grinder hits you!
* * * LOW HITPOINT WARNING * * *
You writhe in agony.
You die...

#.#.# #.#### #.# ###...# #....#
#.# ....#.# ####.# #.# #####.#
#.# #.# #.# #.# #.## # #.# #.#
#..######### #
#.##########.######.......... #
#.[.............(##..######## ##
#..######.##@###.##.)########
.####...# ##.#.#5###.##..#..)..5.
........###.###..........#.######
####.....w...#.............# #
#.............########### #
###############


You could see Grinder.

Vanquished Creatures
  3 gnolls
  An adder (D:2)
  2 leopard geckos
  4 orcs (D:3)
  9 bats
  6 giant cockroaches
  6 hobgoblins
  3 jackals (D:3)
  5 kobolds
  A quokka (D:2)
  6 frilled lizards
  7 goblins
  7 rats
60 creatures vanquished.

Vanquished Creatures (others)
  5 toadstools (D:3)
5 creatures vanquished.

Grand Total: 65 creatures vanquished

Notes
Turn   | Place    | Note
-------+----------+-------------------------------------------
     0 | D:1      | Scud the Spriggan Assassin began the quest for the Orb.
     0 | D:1      | Reached XP level 1. HP: 10/10 MP: 2/2
    42 | D:1      | Reached skill level 6 in Stealth
   161 | D:1      | Reached XP level 2. HP: 15/15 MP: 3/3
   771 | D:2      | Reached XP level 3. HP: 16/18 MP: 4/4
  1767 | D:2      | Reached XP level 4. HP: 14/23 MP: 5/5
  2180 | D:3      | Found a sparkling altar of Nemelex Xobeh.
  2690 | D:3      | Found a hide-covered altar of Uskayaw.
  2742 | D:3      | Noticed Grinder
  2743 | D:3      | Paralysed by Grinder for 4 turns
  3071 | D:3      | Paralysed by Grinder for 4 turns
  3072 | D:3      | HP: 1/23 [Grinder (7)]
  3072 | D:3      | Slain by Grinder

Skill      XL: |  1  2  3  4 |
---------------+-------------+-----
Stealth        | 6 |  6.1
Dodging        | 2 3 |  3.2
Fighting       | 2 |  2.3
Short Blades   | 3 4 |  4.0
Throwing       | |  2.0

Action                   |  1- 3 |  4- 6 || total
-------------------------+-------+-------++-------
Melee: Dagger            |   141 |    92 ||   233
 Stab: Sleeping          |    21 |     2 ||    23
       Distracted        |       |     1 ||     1
Armor: Robe              |    11 |     7 ||    18
Dodge: Dodged            |    75 |    54 ||   129
